 Dungeon Crawl Stone Soup version 0.18-a0-801-gb01a236 (webtiles) character file.

2 Raultor the Sneak (level 1, -3/13 HPs)
             Began as a Vampire Enchanter on Dec 14, 2015.
             Slain by a hobgoblin
             ... wielding a +0 club
              (6 damage)
             ... on level 1 of the Dungeon.
             The game lasted 00:00:41 (58 turns).

Raultor the Sneak (Vampire Enchanter)                 Turns: 58, Time: 00:00:41

Health: -3/13      AC:  3    Str:  7    XL:     1   Next: 25%
Magic:  2/3        EV: 12    Int: 17    God:
Gold:   0          SH:  0    Dex: 14    Spells: 1 memorised, 3 levels left

rFire  . . .     SeeInvis +     a - +1 dagger
rCold  . . .     Clarity  .     b - +1 robe
rNeg   + . .     SustAt   .     (no shield)
rPois  .         Gourm    .     (no helmet)
rElec  .         Spirit   .     (no cloak)
rCorr  .         Dismiss  .     (no gloves)
rMut   .         Stasis   .     (no boots)
MR     .....                    (no amulet)
Stlth  +++.......               (no ring)
                                (no ring)

@: not resistant to hostile enchantments, fairly stealthy
A: fangs 3, see invisible, unbreathing
a: no special abilities


You were on level 1 of the Dungeon.
You were not thirsty.

You visited 1 branch of the dungeon, and saw 1 of its levels.

Inventory:

Hand Weapons
 a - a +1 dagger (weapon)
Armour
 b - a +1 robe (worn)
Scrolls
 e - 2 scrolls of amnesia {unknown}
 f - a scroll of identify {unknown}
Potions
 d - a potion of blood {@q1}
Books
 c - a book of Maledictions


   Skills:
 + Level 1.1 Short Blades
 + Level 2.1 Dodging
 * Level 4.6 Stealth
 - Level 2.0 Spellcasting
 + Level 4.4 Hexes


You had 3 spell levels left.
You knew the following spells:

 Your Spells              Type           Power        Failure   Level  Hunger
v - Corona                Hex            ###....      3%          1    #......


Dungeon Overview and Level Annotations

Branches:
Dungeon (1/15)

Altars:


Innate Abilities, Weirdness & Mutations

You have razor-sharp teeth.
You have supernaturally acute eyesight.
You can survive without breathing.


Message History

Welcome, Raultor the Vampire Enchanter.
Will you be the one to retrieve the fabulous Orb of Zot from the depths?
Found a staircase leading out of the dungeon.
A rat comes into view.
You enter the shallow water.
Moving in this stuff is going to be slow.
A bat comes into view.
A hobgoblin comes into view. It is wielding a club.
The rat barely misses you.
You barely miss the rat. The rat misses you.
You hit the rat.
You kill the rat!
You see here a rat corpse.
The helpless bat fails to defend itself.
You impale the bat!!
You kill the bat!
No target in view!
You see here a bat corpse.
e - 2 scrolls labeled APSUIJ YHIO
f - a scroll labeled ATIGAIMORIUF
Found a stone staircase leading down.
No target in view!
A rat comes into view.
A rat is nearby!
A hobgoblin comes into view. It is wielding a club.
The hobgoblin shouts!
The hobgoblin barely misses you.
You hit the rat but do no damage. The rat barely misses you.
The hobgoblin hits you with a club.
You take 2 damage, and have 11/13 hp.
You barely miss the rat. The rat barely misses you. The hobgoblin misses you.
You hit the rat but do no damage. The rat barely misses you.
You closely miss the rat. The hobgoblin misses you.
The rat completely misses you.
You hit the rat but do no damage.
The hobgoblin hits you but does no damage.
The rat closely misses you.
You hit the rat. The hobgoblin hits you with a club. The rat bites you.
You take 6 damage, and have 5/13 hp.
MASSIVE DAMAGE!!
The hobgoblin closely misses you.
Aim: a hobgoblin, wielding a club (chance to defeat MR: 85%)
The hobgoblin is outlined in light.
The hobgoblin misses you.
You now have 2/3 mp.
You closely miss the hobgoblin. The hobgoblin barely misses you.
You hit the hobgoblin but do no damage. The hobgoblin hits you with a club.
* * * LOW HITPOINT WARNING * * *
You take 3 damage, and have 3/13 hp.
MASSIVE DAMAGE!!
You hit the hobgoblin. The hobgoblin hits you with a club.
You die...

##..###.####............#
#.......................#
.......####.###.........#
..#.†..# #.###.........#
.......# #>##...########
..#....##g..##.#.#
..#†......####.#r#
....#...### ..#g#
......### .###@#
###.###### .. #.#
≈≈♣≈♣≈≈≈≈##. #.#
♣.....P.≈# #.# ♣♣...PPP≈#
#.# ♣.....P.♣#. #..
...<....≈.. ...
P.....P.♣#. ...
PP...PPP≈#


You could see a hobgoblin and a rat.

Vanquished Creatures
  A bat (D:1)
  A rat (D:1)
2 creatures vanquished.

Notes
Turn   | Place    | Note
--------------------------------------------------------------
     0 | D:1      | Raultor the Vampire Enchanter began the quest for the Orb.
     0 | D:1      | Reached XP level 1. HP: 13/13 MP: 3/3
    57 | D:1      | HP: 3/13 [hobgoblin/club (3)]
    58 | D:1      | Slain by a hobgoblin

Vault maps used:
D:1:      ldierk_walled_garden

Action                   || total
-------------------------++-------
Melee: Dagger            ||    12
 Cast: Corona            ||     1
 Stab: Sleeping          ||     1

Vault maps used:
D:1:      ldierk_walled_garden

Table legend:
 A = Turns spent in this place as a percentage of turns spent in the entire game.
 B = Non-inter-level travel turns spent in this place as a percentage of non-inter-level travel turns spent in the entire game.
 C = Inter-level travel turns spent in this place as a percentage of turns spent in this place.
 D = Turns resting spent in this place as a percentage of non-inter-level travel turns spent in this place.
 E = Turns spent auto-exploring this place as a percentage of non-inter-level travel turns spent in this place.
 F = Non-inter-level travel turns spent in this place divided by the number of levels of this place that you've seen.
                   A       B       C       D       E      F
               +-------+-------+-------+-------+-------+----------------------
         Total | 100.0 | 100.0 |   0.0 |   0.0 |  12.8 |  39.0
       Dungeon | 100.0 | 100.0 |   0.0 |   0.0 |  12.8 |  39.0
               +-------+-------+-------+-------+-------+----------------------

Table legend:
 A = Kills in this place as a percentage of kills in entire the game.
 B = Kills by you in this place as a percentage of kills by you in the entire game.
 C = Kills by friends in this place as a percentage of kills by friends in the entire game.
 D = Other kills in this place as a percentage of other kills in the entire game.
 E = Experience gained in this place as a percentage of experience gained in the entire game.
 F = Experience gained in this place divided by the number of levels of this place that you have seen.
                   A       B       C       D       E      F
               +-------+-------+-------+-------+-------+----------------------
         Total | 100.0 | 100.0 |  -nan |  -nan | 100.0 |   3.0
       Dungeon | 100.0 | 100.0 |  -nan |  -nan | 100.0 |   3.0
               +-------+-------+-------+-------+-------+----------------------
